 Dungeon Crawl Stone Soup version 0.26.1-11-gd32895ea62 (webtiles) character file.

Game seed: 1570456219434549498

7842 dtburroughs the Cleaver (level 11, -2/99 (101) HPs)
             Began as a Minotaur Berserker on July 1, 2021.
             Was a High Priest of Trog.
             Slain by a troll (8 damage)
             ... on level 10 of the Dungeon.
             The game lasted 00:23:02 (9002 turns).

dtburroughs the Cleaver (Minotaur Berserker)        Turns: 9002, Time: 00:23:03

HP:   -2/99 (101)   AC: 38    Str: 21 (23) XL:     11   Next: 2%
MP:   10/10         EV: 10    Int:  4 (7)  God:    Trog [*****.]
Gold: 662           SH:  0    Dex:  6 (9)  Spells: 10/10 levels left

rFire    . . .     SeeInvis .   z - +3 executioner's axe (vorpal)
rCold    . . .     Faith    .   (shield currently unavailable)
rNeg     . . .     Spirit   .   t - +27 Lear's hauberk
rPois    .         Reflect  .   (helmet currently unavailable)
rElec    .         Harm     .   (no cloak)
rCorr    .         Rampage  .   (gloves currently unavailable)
Will     ++...                  (boots currently unavailable)
Stlth    ..........             k - amulet of regeneration
HPRegen  1.66/turn              (no ring)
MPRegen  0.12/turn              (no ring)

@: brilliant, lethally poisoned (-2 -> -20), regenerating, slowed, lightly
drained, very slow
A: retaliatory headbutt, horns 2
a: Renounce Religion, Berserk, Trog's Hand, Brothers in Arms


You were on level 10 of the Dungeon.
You worshipped Trog.
Trog was extremely pleased with you.
You visited 1 branch of the dungeon, and saw 10 of its levels.
You also visited: Sewer.

You collected 662 gold pieces.

Inventory:

Hand Weapons
 a - a +0 hand axe
 u - a +4 battleaxe
 z - a +3 vorpal executioner's axe (weapon)
 I - a +5 vorpal battleaxe
Armour
 b - a +0 pair of boots
 g - a +1 pair of gloves
 m - a +0 chain mail of fire resistance
 t - the +27 Lear's hauberk (worn)
   (You found it on level 4 of the Dungeon)
 B - a +0 cloak
 C - a +0 crystal plate armour
Jewellery
 k - an amulet of regeneration (around neck)
 r - an uncursed amulet of guardian spirit
 F - an uncursed ring of flight
Wands
 j - a wand of flame (16)
 A - a wand of polymorph (8)
 G - a wand of acid (4)
Scrolls
 d - 5 scrolls of fog
 e - 7 scrolls of teleportation
 f - 3 scrolls of blinking {unknown}
 h - 4 scrolls of magic mapping
 i - 2 scrolls of fear {unknown}
 o - 5 scrolls of remove curse
 p - 3 scrolls of amnesia {unknown}
 s - 4 scrolls of random uselessness {unknown}
 w - 2 scrolls of enchant armour {unknown}
 y - 6 scrolls of identify
 D - a scroll of vulnerability {unknown}
 E - a scroll of immolation {unknown}
Potions
 c - 2 potions of brilliance
 l - 2 potions of degeneration
 n - a potion of haste {unknown}
 q - 4 potions of magic
 v - 2 potions of lignification {unknown}
 x - 2 potions of attraction {unknown}
 J - a potion of heal wounds {unknown}
Miscellaneous
 H - a lightning rod (4/4)


   Skills:
 + Level 10.5 Fighting
 + Level 10.5 Axes
 + Level 10.2 Armour
 + Level 9.3 Dodging
 + Level 3.4 Evocations


You had 10 spell levels left.
You didn't know any spells.
Your spell library was empty.

Dungeon Overview and Level Annotations

Branches:
Dungeon (10/15)            Temple (0/1) D:7           Sewer (visited)
   Lair: D:8-11         Orc: D:9-12

Altars:
Gozag
Kikubaaqudgha
Nemelex Xobeh
Okawaru
Qazlal
Ru
Sif Muna

Annotations:
D:5 2 runed translucent doors, PaiMei's ghost, amateur HOFi
D:10 Josephine


Innate Abilities, Weirdness & Mutations

You reflexively headbutt those who attack you in melee.
You have a pair of horns on your head.


Message History

The troll closely misses you. Josephine hits you but does no damage.
You are lethally poisoned!
The wraith hits you but does no damage.
It was a potion of brilliance.
You feel clever all of a sudden.
* * * LOW HITPOINT WARNING * * *
You feel very sick. The wraith hits you but does no damage.
The troll bites you.
* * * LOW HITPOINT WARNING * * *
The troll completely misses you. The troll claws you but does no damage.
Josephine hits you but does no damage.
You are more poisoned.
The wraith closely misses you. x2
It was a potion of degeneration.
There was something very wrong with that liquid.
You feel weakened.
You feel dopey.
You feel clumsy.
* * * LOW HITPOINT WARNING * * *
You feel extremely sick. The troll bites you but does no damage.
The troll claws you!
You die...

....######
..........
........# .......#
#.......#
.......##
#.......#
........##
#.......###
.######..##
#.......... ##
##..###.......###.
#
##...#..†WW.....[
# ###....y@@W.....
###..T######.$
#...### #...###
#....# #.....#
#.##..# #. #..#


You could see Josephine, a troll, a hornet and 3 wraiths.

Vanquished Creatures
  An ugly thing (D:9)
  A troll (D:8)
  A vampire (D:9)
  2 wraiths (D:10)
  7 yaks
  A steam dragon (D:8)
  A water moccasin (D:9)
  Duvessa (D:7)
  5 orc warriors
  An eye of draining (D:9)
  2 sky beasts (D:6)
  A black bear (D:6)
  3 phantoms
  A necrophage (D:10)
  5 ogres
  10 centaurs
  6 bullfrogs
  A gnoll sergeant (D:10)
  Dowan (D:7)
  A water moccasin skeleton (D:8)
  A scorpion (D:8)
  4 killer bees (D:10)
  8 wights
  A howler monkey (D:4)
  6 hounds
  2 quasits (D:9)
  2 gnoll shamans (D:6)
  3 centaur skeletons
  2 jellies (D:7)
  5 orc priests
  Crazy Yiuf (D:7)
  5 orc wizards
  2 bullfrog skeletons
  3 iguanas
  8 worker ants
  A killer bee zombie (D:4)
  A hound skeleton (D:6)
  Robin (D:3)
  A howler monkey skeleton (D:8)
  A worker ant zombie (D:8)
  21 gnolls
  2 river rats (D:5)
  16 adders
  3 shadow imps
  2 white imps
  6 ufetubi
  13 oozes
  2 adder skeletons
  3 worms
  6 dart slugs
  14 leopard geckos
  21 orcs
  9 ball pythons
  A bat zombie (D:8)
  15 giant cockroaches
  18 goblins
  16 hobgoblins
  10 jackals
  8 kobolds
  9 quokkas
  6 bats
  15 frilled lizards
  A leopard gecko skeleton (D:8)
  A quokka zombie (D:6)
  8 rats
336 creatures vanquished.

Vanquished Creatures (others)
  An orc wizard (D:10)
1 creature vanquished.

Grand Total: 337 creatures vanquished

Notes
Turn   | Place    | Note
-------+----------+-------------------------------------------
     0 | D:1      | dtburroughs the Minotaur Berserker began the quest for the
                  | Orb.
     0 | D:1      | Reached XP level 1. HP: 19/19 MP: 0/0
   346 | D:1      | Reached XP level 2. HP: 25/27 MP: 1/1
   734 | D:1      | Reached XP level 3. HP: 33/33 MP: 2/2
   755 | D:1      | Reached ** piety under Trog
  1269 | D:2      | Reached XP level 4. HP: 34/40 MP: 3/3
  1505 | D:2      | Reached XP level 5. HP: 27/47 MP: 4/4
  1707 | D:2      | Found a shimmering blue altar of Sif Muna.
  2352 | D:3      | Noticed a centaur
  2386 | D:3      | Killed a centaur
  2387 | D:3      | Reached skill level 5 in Fighting
  2387 | D:3      | Reached skill level 5 in Axes
  2450 | D:3      | Reached XP level 6. HP: 46/56 MP: 5/5
  2602 | D:3      | Reached *** piety under Trog
  2734 | D:3      | Found a stormy altar of Qazlal.
  2810 | D:3      | Noticed Robin
  2847 | D:3      | Killed Robin
  3547 | D:4      | Reached skill level 5 in Armour
  3621 | D:4      | Reached XP level 7. HP: 60/62 MP: 6/6
  3733 | D:4      | Found the +27 Lear's hauberk
  4151 | D:5      | Entered Level 5 of the Dungeon
  4234 | D:5      | Reached skill level 5 in Dodging
  4437 | D:5      | Reached XP level 8. HP: 70/71 MP: 7/7
  4486 | D:5      | Found a runed translucent door.
  4487 | D:5      | Noticed PaiMei's ghost (amateur HOFi)
  4545 | D:5      | Found an opulent altar of Gozag.
  4592 | D:5      | Reached **** piety under Trog
  4746 | D:5      | Found a glowing drain.
  4750 | Sewer    | Entered a sewer
  4989 | Sewer    | Reached ***** piety under Trog
  5195 | D:5      | Found a runed translucent door.
  5763 | D:6      | Received a gift from Trog
  5768 | D:6      | Reached XP level 9. HP: 60/81 MP: 8/8
  6102 | D:7      | Noticed Duvessa
  6104 | D:7      | Noticed Dowan
  6108 | D:7      | Killed Duvessa
  6110 | D:7      | Killed Dowan
  6125 | D:7      | Found a staircase to the Ecumenical Temple.
  6177 | D:7      | Found a sacrificial altar of Ru.
  6184 | D:7      | Found a sparkling altar of Nemelex Xobeh.
  6427 | D:7      | Found a runed translucent door.
  6428 | D:7      | Noticed Crazy Yiuf
  6432 | D:7      | Killed Crazy Yiuf
  7598 | D:8      | Noticed a troll
  7609 | D:8      | Killed a troll
  7610 | D:8      | Reached XP level 10. HP: 60/91 MP: 9/9
  7815 | D:8      | Found an ancient bone altar of Kikubaaqudgha.
  8080 | D:9      | Noticed a white ugly thing
  8087 | D:9      | Killed a white ugly thing
  8088 | D:9      | Reached skill level 1 in Evocations
  8294 | D:9      | Reached skill level 10 in Axes
  8352 | D:9      | Reached skill level 10 in Fighting
  8521 | D:9      | Found an iron altar of Okawaru.
  8727 | D:10     | Entered Level 10 of the Dungeon
  8866 | D:10     | Received a gift from Trog
  8867 | D:10     | Reached skill level 10 in Armour
  8987 | D:10     | Noticed Josephine
  8997 | D:10     | Reached XP level 11. HP: 48/98 MP: 10/10
  9002 | D:10     | Slain by a troll

Illustrated notes

Levels and vault maps discovered:
D:1:      dpeg_arrival_rooms_c, layout_loops_cross
D:2:      layout_basic, marbit_many_paths
D:3:      layout_rooms, nicolae_qazlal_eye_of_the_storm, minmay_between,
          uniq_robin
D:4:      layout_loops_ring
D:5:      layout_cave_pools, grunt_gozag_statues, ebering_ghost_sewer_f,
          gup_sewer_entry_spiral, minmay_statues_item
D:6:      layout_loops_ring
D:7:      layout_layer_cave, nemelex_xobeh_ov_fountains_minmay, kennysheep_mini,
          temple_doors_e, uniq_duvessa, uniq_crazy_yiuf_cottage
D:8:      layout_cave_pools, lemuel_zombie_altar_kikubaaqudgha,
          minmay_manual_moon
D:9:      layout_roguey, nicolae_overflow_crystal_walls
D:10:     layout_rooms, david_lair_shrubbed, hive_lemuel, uniq_josephine

Skill      XL: |  1  2  3  4  5  6  7  8  9 10 |
---------------+-------------------------------+-----
Fighting       | 4 5 6 7 9 10 | 10.5
Axes           | 4 5 6 8 9 10 | 10.5
Armour         | 3 4 5 6 7 9 10 | 10.2
Dodging        | 3 4 5 6 8 9 |  9.3
Evocations     | 3 |  3.4

Action                   |  1- 3 |  4- 6 |  7- 9 | 10-12 || total
-------------------------+-------+-------+-------+-------++-------
Melee: Hand axe          |    75 |   231 |    47 |       ||   353
       Headbutt          |     7 |    38 |    39 |    17 ||   101
       Battleaxe         |       |       |   182 |       ||   182
       Executioner's axe |       |       |    95 |   137 ||   232
Invok: Trog's Hand       |     1 |     1 |     1 |     4 ||     7
  Use: Scroll            |       |       |     6 |       ||     6
       Potion            |       |       |       |     2 ||     2
Armor: Animal skin       |    11 |       |       |       ||    11
       Chain mail        |    38 |   141 |   318 |   159 ||   656
Dodge: Dodged            |    56 |   116 |   277 |   143 ||   592
